 Dungeon Crawl Stone Soup version 0.31-a0-7-g51783674b7 (webtiles) character file.

Game seed: 2159382777888032098

75 Dittersdorf the Covered (level 4, -6/29 HPs)
             Began as a Gargoyle Fighter on May 5, 2023.
             Mangled by a worm (9 damage)
             ... on level 2 of the Dungeon.
             The game lasted 00:02:08 (1106 turns).

Dittersdorf the Covered (Gargoyle Fighter)          Turns: 1106, Time: 00:02:08

Health: -6/29      AC: 13    Str: 21    XL:     4   Next: 31%
Magic:  4/4        EV:  8    Int:  9    God:
Gold:   68         SH:  4    Dex:  9    Spells: 3/3 levels left

rFire   . . .        a - +0 flail
rCold   . . .        c - +0 buckler
rNeg    + . .        i - +0 chain mail
rPois   ∞            (no helmet)
rElec   +            (no cloak)
rCorr   .            (no gloves)
SInv    .            (no boots)
Will    .....        (no amulet) Stlth
                     (no ring)
HPRegen 0.24/turn    (no ring)
MPRegen 0.09/turn

%: no passive effects
@: no status effects
A: sickness immunity, AC +3, negative energy resistance 1, electricity
resistance, torment resistance 1, petrification resistance
a: no special abilities


You were on level 2 of the Dungeon.
You visited 1 branch of the dungeon, and saw 2 of its levels.

You collected 68 gold pieces.

Inventory:

Hand Weapons
 a - a +0 flail (weapon)
Armour
 c - a +0 buckler (worn)
 i - a +0 chain mail (worn)
Scrolls
 b - a scroll of poison {unknown}
 f - a scroll of identify {unknown}
 g - a scroll of vulnerability {unknown}
Potions
 d - a potion of might
 e - a potion of invisibility {unknown}
 h - a potion of curing {unknown}
 j - a potion of haste {unknown}
 k - a potion of mutation {unknown}


   Skills:
 + Level 3.9 Fighting
 + Level 2.7 Maces & Flails
 + Level 4.0 Armour
 + Level 3.9 Shields


You had 3 spell levels left.
You didn't know any spells.
Your spell library was empty.

Dungeon Overview and Level Annotations

Branches:
Dungeon (2/15)

Altars:
Sif Muna


Innate Abilities, Weirdness & Mutations

You are immune to sickness and miasma.
Your stone body is resilient. (AC +3)
You are immune to poison.
You resist negative energy. (rN+)
You are resistant to electric shocks. (rElec)
You are resistant to unholy torment.
You are immune to petrification.


Message History

The orc wizard hits you but does no damage.
You hit the orc wizard.
The orc wizard is almost dead.
You block the goblin's attack.
The orc wizard hits you with a +0 dagger.
* * * LOW HITPOINT WARNING * * *
The goblin barely misses you.
The orc wizard points at you and mumbles some strange words.
The magic dart hits you but does no damage.
You barely miss the orc wizard.
The orc wizard is almost dead.
The goblin barely misses you.
The orc wizard points at you and mumbles some strange words.
You are confused.
You bump into the rock wall.
The goblin hits you but does no damage.
The orc wizard hits you but does no damage.
You barely miss the orc wizard.
The orc wizard is almost dead.
The goblin hits you but does no damage. The orc wizard closely misses you.
You sock the goblin!
You kill the goblin!
The orc wizard hits you but does no damage.
The orc wizard mumbles some strange words.
The orc wizard flickers and vanishes!
Deactivating autopickup; reactivate with Ctrl-A.
You closely miss something. The worm closely misses you.
Something hits you but does no damage.
You bump into the rock wall.
Something hits you but does no damage. The worm bites you but does no damage.
You bump into the rock wall.
Something hits you but does no damage.
You bump into the rock wall.
You feel less confused. Something hits you but does no damage.
The worm bites you but does no damage.
You sock the worm!
The worm is heavily wounded.
You hear some strange, mumbled words.
A magic dart appears from out of thin air!
The magic dart hits you but does no damage.
The worm bites you!
You die...

##### ####.>.#
..##...#### ..##......#
).##..#.#.# .
..........###### ...
..##..#.#......#####.....
####÷......###.w@{Jo.....
##....#.#.# ######.<....
##...÷.#..... .....
#..###........ .... ..##
.......... #.#
.###........... #
................ .#.#
....... .### .......


You could see a worm, an orc and an endoplasm.

Vanquished Creatures
  An orc wizard (D:2)
  An adder (D:2)
  An orc (D:2)
  5 ball pythons
  4 endoplasms
  3 giant cockroaches
  2 goblins (D:2)
  3 hobgoblins
  7 kobolds
  A quokka (D:1)
  4 bats
  3 frilled lizards
  5 rats
40 creatures vanquished.

Notes
Turn   | Place    | Note
-------+----------+-------------------------------------------
     0 | D:1      | Dittersdorf the Gargoyle Fighter began the quest for the
                  | Orb.
     0 | D:1      | Reached XP level 1. HP: 14/14 MP: 1/1
   152 | D:1      | You fall into a shaft and drop 1 floor!
   188 | D:2      | Reached XP level 2. HP: 19/19 MP: 2/2
   289 | D:2      | Reached XP level 3. HP: 23/23 MP: 3/3
   296 | D:2      | Found a shimmering blue altar of Sif Muna.
  1059 | D:2      | Reached skill level 4 in Armour
  1059 | D:2      | Reached XP level 4. HP: 17/29 MP: 4/4
  1094 | D:2      | HP: 1/29 [orc wizard/+0 dagger (3)]
  1106 | D:2      | Mangled by a worm

Illustrated notes

Levels and vault maps discovered:
D:1:      ebering_trefoil_twist, layout_basic, grunt_decor_clamped
D:2:      layout_rooms, basic_altar, serial_glass, glass_columns_a,
          glass_columns_a, glass_columns_a, glass_columns_a, glass_columns_a,
          lightli_corner_chamber

Skill      XL: |  1  2  3 |
---------------+----------+-----
Armour         | 4 |  4.0
Fighting       | |  3.9
Maces & Flails | |  2.7
Shields        | |  3.9

Action                     |  1- 3 |  4- 6 || total
---------------------------+-------+-------++-------
  Melee: Flail             |   149 |    24 ||   173
 Armour: Scale mail        |    17 |       ||    17
         Chain mail        |    96 |    43 ||   139
  Dodge: Dodged            |    60 |    13 ||    73
  Block: Buckler           |    27 |     5 ||    32

Table legend: (Time is in decaauts)
 A = Elapsed time spent in this place.
 B = Non-inter-level travel time spent in this place.
 C = Inter-level travel time spent in this place.
 D = Time resting spent in this place.
 E = Time spent auto-exploring this place.
 F = Levels seen in this place.
 G = Mean time per level.
                   A        B        C        D        E       F      G
               +--------+--------+--------+--------+--------+-----+--------+
         Total |   1159 |   1141 |     18 |      0 |    730 |   2 |  579.5 |
       Dungeon |   1159 |   1141 |     18 |      0 |    730 |   2 |  579.5 |
               +--------+--------+--------+--------+--------+-----+--------+

Top non-repeatable levels by time:
     D:1: 848 daAuts
     D:2: 310 daAuts
